 Dungeon Crawl Stone Soup version 0.18-a0-1542-g9c1a92e (webtiles) character file.

9258 M4edhros the Unseen (level 11, -8/94 HPs)
             Began as an Octopode Artificer on Mar 10, 2016.
             Was a Priest of Fedhas.
             Mangled by a komodo dragon (11 damage)
             ... on level 11 of the Dungeon.
             The game lasted 00:31:25 (12040 turns).

M4edhros the Unseen (Octopode Artificer)           Turns: 12040, Time: 00:31:26

Health: -8/94      AC: 28    Str: 21    XL:     11   Next: 43%
Magic:  0/17       EV:  2    Int: 14    God:    Fedhas [***...]
Gold:   587        SH: 13    Dex: 18    Spells: 0 memorised, 10 levels left

rFire  + . .     SeeInvis +     T - +4 dagger (chaos)
rCold  x . .     Gourm    .     s - +2 shield
rNeg   + + +     Faith    .     (helmet currently unavailable)
rPois  +         Spirit   +     V - amulet of guardian spirit
rElec  .         Dismiss  .     t - +3 ring of protection
rCorr  .         Reflect  .     D - ring of see invisible
SustAt .         Harm     .     H - +2 ring of dexterity
MR     +....     NoTele   +     P - ring of protection from magic
Stlth  ++++++++++               R - ring of fire
                                Y - +5 ring of strength
                                (no ring)
                                (no ring)

@: mighty, tree-form, somewhat resistant to hostile enchantments, uncannily
stealthy
A: almost no armour, (amphibious), 8 rings, (constrict 8), (tentacle spike 0),
(camouflage 0), (gelatinous body 0)
a: Evolution, Sunlight, Growth, Renounce Religion


You were on level 11 of the Dungeon.
You worshipped Fedhas.
Fedhas was most pleased with you.
You were very hungry.
You were a tree.
You visited 2 branches of the dungeon, and saw 12 of its levels.
You also visited: Ossuary.

You collected 587 gold pieces.

Inventory:

Hand Weapons
 w - a +4 trident of pain
 A - the +4 dagger "Oskuval" {venom, *Corrode rF+ MP+9 Int+3}
   (You found it in an ossuary)

   It poisons the flesh of those it strikes.
   It affects your intelligence (+3).
   It protects you from fire.
   It affects your magic capacity (+9).
   It may corrode your equipment when you take damage.
 K - a +1 hunting sling of evasion
 T - a +4 dagger of chaos (weapon)
 X - the +5 flail of Crusades {holy, +Inv}
   (You found it on level 10 of the Dungeon)

   It has been blessed by the Shining One to cause great damage to the undead
   and demons.
   It lets you turn invisible.
Missiles
 a - 419 stones (quivered)
 u - 87 sling bullets
Armour
 s - a +2 shield (worn)
 G - a +0 hat (melded)
Jewellery
 t - a +3 ring of protection (left branch)
 D - a ring of see invisible (right branch)
 H - a +2 ring of dexterity (on tentacle)
 P - a ring of protection from magic (on tentacle)
 R - a ring of fire (on tentacle)
 V - an amulet of guardian spirit (around neck)
 Y - a +5 ring of strength (on tentacle)
Wands
 b - a wand of flame (7/48)
 d - a wand of random effects (7/48)
 m - a wand of slowing (15/48)
 z - a wand of heal wounds (3/9)
 O - a wand of lightning (3/15)
Scrolls
 h - 6 scrolls of remove curse
 o - 3 scrolls of recharging
 q - 2 scrolls of enchant weapon
 y - 6 scrolls of amnesia {unknown}
 B - a scroll of vulnerability {unknown}
 E - 2 scrolls of blinking {unknown}
 I - a scroll of immolation
 J - 2 scrolls of fog {unknown}
 L - a scroll of silence {unknown}
 Z - a scroll of teleportation {unknown}
Potions
 g - 6 potions of flight {unknown}
 n - a potion of resistance {unknown}
 p - 3 potions of might
 v - a potion of invisibility
 x - 3 potions of curing
 C - 2 potions of lignification
 F - 2 potions of brilliance {unknown}
 Q - a potion of agility
 U - a potion of mutation {unknown}
Comestibles
 f - 8 bread rations
 j - 12 fruits
 N - a beef jerky
 W - 8 slices of pizza


   Skills:
 - Level 1.0 Fighting
 - Level 1.0 Short Blades
 - Level 5.5 Polearms
 - Level 2.0 Dodging
 - Level 17.7 Stealth
 + Level 5.5 Shields
 - Level 8.4 Invocations
 - Level 3.2 Evocations


You had 10 spell levels left.
You didn't know any spells.

Dungeon Overview and Level Annotations

Branches:
Dungeon (11/15)            Temple (1/1) D:7             Orc (0/2) D:10
   Lair: D:8-11

Altars:
Ashenzari
Cheibriados
Elyvilon
Fedhas
Gozag
Nemelex Xobeh
Okawaru
Pakellas
Qazlal
Ru
Sif Muna
Trog
Vehumet
Xom
Yredelemnul
Zin
The Shining One

Shops:
D:4 *   D:7 :   D:9 (   D:11 =:


Innate Abilities, Weirdness & Mutations

You cannot wear most types of armour.
((You are amphibious.))
You can wear up to eight rings at the same time.
((You can use your tentacles to constrict eight enemies at once.))
((Your skin changes colour to match your surroundings (Stealth).))
((Your rubbery body absorbs attacks (AC +1).))
((One of your tentacles bears a spike.))


Message History

You hit the komodo dragon but do no damage.
The komodo dragon is lightly wounded.
You block the komodo dragon's attack. The komodo dragon bites you!
* * * LOW HITPOINT WARNING * * *
Drink which item? (? for menu, Esc to quit)
You feel better. The komodo dragon bites you.
* * * LOW HITPOINT WARNING * * *
You hit the komodo dragon.
The komodo dragon looks even sicker.
The komodo dragon is moderately wounded.
The komodo dragon bites you!
* * * LOW HITPOINT WARNING * * *
The komodo dragon bites you but does no damage.
You hit the komodo dragon.
Space warps horribly around the komodo dragon!
The komodo dragon is almost dead.
The komodo dragon bites you!!
* * * LOW HITPOINT WARNING * * *
The komodo dragon bites you!
You die...
Fedhas appreciates your contribution to the ecosystem.

#.##......... #..#.........
######.#.........
.................
.................
......#..##♣####+#
###...#..♣.∩.♣##.#######
#........♣.....l....(.
#.####.#######♣############
.. #.......................
...
#.#..######+####........
#.#...##.........#####.# #
#.#.##.........# #.#
#.#..#.........# ##.#
#.##.#.........#####.....
#.##.####+###.[.........#
#.##.## #J######.##.#


You could see a komodo dragon.

Vanquished Creatures
  Erolcha (D:10)
  Joseph (D:8)
  Psyche (D:9)
  A troll (D:10)
  A slime creature (D:11)
  Edmund (D:4)
  The ghost of Cenon the Carver, an amateur HEWr of Okawaru (D:4)
  Sigmund (D:3)
  Eustachio (D:5)
  3 yaks
  A hungry ghost (D:10)
  A water moccasin (D:6)
  2 sky beasts
  An ice beast (D:9)
  2 slaves
  2 black bears
  2 orc warriors (D:10)
  2 ogres (D:10)
  5 centaurs
  14 big kobolds
  Blork the orc (D:6)
  2 gnoll sergeants
  A giant frog (D:9)
  8 water moccasin zombies (Ossuary)
  2 scorpions
  A wight (D:10)
  3 killer bees (D:8)
  A howler monkey (D:5)
  A crimson imp (D:6)
  A wandering mushroom (D:8)
  A jelly (D:5)
  4 orc priests
  4 giant frog skeletons
  3 hounds
  5 orc wizards
  A centaur skeleton (D:5)
  3 iguanas
  5 worker ants
  5 big kobold zombies (Ossuary)
  2 mummies (Ossuary)
  2 hound skeletons
  16 gnolls
  14 adders
  3 shadow imps
  An ooze (D:2)
  4 adder zombies (Ossuary)
  2 worms
  3 dart slugs
  7 giant geckos
  36 orcs
  5 giant cockroaches
  4 gnoll zombies
  15 goblins
  7 hobgoblins
  10 jackals
  21 kobolds
  6 quokkas
  2 ball pythons
  7 bats
  3 giant newts
  4 hobgoblin zombies (Ossuary)
  A jackal skeleton (D:4)
  5 kobold zombies (Ossuary)
  3 orc zombies (Ossuary)
  5 rats
284 creatures vanquished.

Vanquished Creatures (collateral kills)
  A centaur skeleton (D:11)
  A two-headed ogre (D:8)
  A slime creature (D:11)
  7 yaks (D:9)
  A hungry ghost (D:8)
  A water moccasin (D:11)
  2 orc warriors
  An ice beast (D:9)
  An ogre (D:10)
  6 big kobolds
  2 gnoll sergeants (D:10)
  2 killer bees (D:8)
  3 wights (D:10)
  A jelly (D:9)
  A gnoll shaman (D:8)
  A giant frog skeleton (D:8)
  4 orc wizards
  8 gnolls
  An adder (D:8)
  2 giant geckos
  5 orcs
  A jackal (D:8)
  A ball python (D:4)
  A kobold (D:8)
55 creatures vanquished.

Vanquished Creatures (others)
  Pikel (D:4)
  13 wandering mushrooms
  2 slaves
  2 ogres
  196 toadstools
214 creatures vanquished.

Grand Total: 553 creatures vanquished

Notes
Turn   | Place    | Note
--------------------------------------------------------------
     0 | D:1      | M4edhros the Octopode Artificer began the quest for the Orb.
     0 | D:1      | Reached XP level 1. HP: 13/13 MP: 3/3
   122 | D:1      | Reached skill level 2 in Stealth
   228 | D:1      | Reached XP level 2. HP: 1/18 MP: 4/4
   229 | D:1      | Reached skill level 3 in Stealth
  1074 | D:3      | Reached skill level 4 in Stealth
  1074 | D:3      | Reached XP level 3. HP: 23/23 MP: 5/5
  1075 | D:3      | Reached skill level 5 in Stealth
  1075 | D:3      | Reached XP level 4. HP: 25/28 MP: 6/6
  1118 | D:4      | Noticed an ogre
  1118 | D:4      | Noticed Cenon's ghost (amateur HEWr)
  1134 | D:3      | Noticed an earth elemental
  1140 | D:3      | Found a stormy altar of Qazlal.
  1169 | D:4      | Reached skill level 6 in Stealth
  1183 | D:4      | Reached XP level 5. HP: 23/33 MP: 7/7
  1188 | D:4      | Reached skill level 7 in Stealth
  1206 | D:4      | Noticed Edmund
  1406 | D:3      | Reached skill level 8 in Stealth
  1417 | D:3      | Noticed Sigmund
  1436 | D:3      | Killed Sigmund
  1436 | D:3      | Reached skill level 9 in Stealth
  1436 | D:3      | Reached XP level 6. HP: 28/38 MP: 8/8
  1489 | D:4      | Killed Cenon's ghost
  1489 | D:4      | Reached skill level 10 in Stealth
  1489 | D:4      | Reached XP level 7. HP: 43/43 MP: 9/9
  1533 | D:4      | HP: 1/43 [Edmund/dire flail (8)]
  1754 | D:4      | Killed Edmund
  1754 | D:4      | Reached skill level 11 in Stealth
  2125 | D:3      | Noticed an air elemental
  2126 | D:3      | Noticed a fire elemental
  2126 | D:3      | Noticed a water elemental
  2279 | D:4      | Found Zin's Purification Station.
  2281 | D:4      | Found a glowing silver altar of Zin.
  2735 | D:4      | Noticed Pikel
  3013 | D:4      | Reached skill level 12 in Stealth
  3040 | D:4      | Killed Pikel
  3130 | D:5      | Entered Level 5 of the Dungeon
  3143 | D:5      | Reached XP level 8. HP: 48/48 MP: 10/10
  3503 | D:5      | Reached skill level 13 in Stealth
  3540 | D:5      | Found a sparkling altar of Nemelex Xobeh.
  3629 | D:5      | Noticed Eustachio
  3653 | D:5      | Killed Eustachio
  3903 | D:5      | Found a basalt altar of Yredelemnul.
  4140 | D:6      | Noticed Blork the orc
  4157 | D:6      | Found an opulent altar of Gozag.
  4192 | D:7      | Found a glowing golden altar of the Shining One.
  4435 | D:7      | Found Mesahyop's Book Emporium.
  4458 | D:7      | Reached skill level 14 in Stealth
  4576 | D:6      | Found a sand-covered staircase.
  4581 | Ossuary  | Entered an ossuary
  5081 | Ossuary  | Reached XP level 9. HP: 49/53 MP: 11/11
  5116 | Ossuary  | Reached skill level 15 in Stealth
  5536 | Ossuary  | Got a translucent dagger
  5541 | Ossuary  | Identified the +4 dagger "Oskuval" {venom, *Corrode rF+ MP+9 Int+3} (You found it in an ossuary)
  6010 | D:7      | Found a staircase to the Ecumenical Temple.
  6296 | Temple   | Entered the Ecumenical Temple
  6313 | Temple   | Became a worshipper of Fedhas Madash
  7088 | D:2      | Reached * piety under Fedhas
  7429 | D:2      | Found a deep blue altar of Sif Muna.
  7677 | D:6      | Reached skill level 16 in Stealth
  7680 | D:6      | Killed Blork the orc
  7870 | D:6      | Got a pitted hand axe
  7871 | D:6      | Identified the +1 hand axe "Aczah" {drain, *Corrode MP+9 Str-5 Int+8} (You found it on level 6 of the Dungeon)
  8145 | D:8      | Reached ** piety under Fedhas
  8154 | D:8      | Gained mutation: One of your tentacles bears a spike. [potion of beneficial mutation]
  8159 | D:8      | HP: 2/79 [killer bee (5)]
  8168 | D:8      | Reached skill level 17 in Stealth
  8400 | D:8      | Noticed a two-headed ogre
  8406 | D:8      | Killed a two-headed ogre
  8406 | D:8      | Reached skill level 1 in Invocations
  8406 | D:8      | Reached XP level 10. HP: 26/58 MP: 12/12
  8841 | D:8      | Reached skill level 5 in Invocations
  9112 | D:8      | Noticed Joseph
  9131 | D:8      | Killed Joseph
  9131 | D:8      | Reached skill level 1 in Polearms
  9131 | D:8      | Reached skill level 1 in Shields
  9558 | D:9      | Found a snail-covered altar of Cheibriados.
  9673 | D:9      | Found a sacrificial altar of Ru.
  9728 | D:9      | Found Heboimes's Weapon Emporium.
 10181 | D:9      | Noticed Psyche
 10193 | D:9      | Killed Psyche
 10511 | D:10     | Entered Level 10 of the Dungeon
 10522 | D:10     | Noticed Erolcha
 10525 | D:10     | Killed Erolcha
 10525 | D:10     | Reached XP level 11. HP: 63/63 MP: 16/16
 10528 | D:10     | Reached *** piety under Fedhas
 10985 | D:10     | Got a crude flail
 10986 | D:10     | Identified the +5 flail of Crusades {holy, +Inv} (You found it on level 10 of the Dungeon)
 11153 | D:10     | Found a staircase to the Orcish Mines.
 11161 | D:10     | Reached skill level 5 in Shields
 11183 | D:10     | Reached skill level 5 in Polearms
 11226 | D:10     | Reached **** piety under Fedhas
 11811 | D:11     | Found Ikiymn's Jewellery Emporium.
 11868 | D:11     | Found Yti Bal's Book Shop.
 12040 | D:11     | HP: 3/94 [komodo dragon (16)]
 12040 | D:11     | Mangled by a komodo dragon

Vault maps used:
D:1:      nicolae_arrival_memento_mori, serial_forest,
          infiniplex_forest_lined_2, infiniplex_forest_clump_large,
          infiniplex_forest_clump_double, infiniplex_forest_clump_diagonal,
          infiniplex_forest_clump_long, infiniplex_forest_clump_diagonal,
          infiniplex_forest_end_3, minmay_misc_feat_cross,
          minmay_misc_feat_alley
D:2:      nicolae_overflow_hidden_temple, serial_forest,
          infiniplex_forest_lined_3, infiniplex_forest_clump_small,
          infiniplex_forest_lined_2, infiniplex_forest_clump_curved,
          infiniplex_forest_straight_3, infiniplex_forest_zigzag_1,
          infiniplex_forest_clump_medium, infiniplex_forest_clump_long,
          infiniplex_forest_straight_3
D:3:      st_stairs_7, nicolae_qazlal_style_of_elements, uniq_sigmund
D:4:      wad_pebble_path, zin_purify, uniq_edmund, uniq_pikel
D:5:      lemuel_zombie_altar_yredelemnul, nemelex_deck, first_bread,
          uniq_eustachio
D:6:      old_standard_altar, enter_ossuary_2, minivault_22, uniq_blork_the_orc
D:7:      nicolae_overflow_crystal_walls, minmay_temple_entry_metal_lava,
          serial_shops, shop, kennysheep_generic_room_2
D:8:      special_room, uniq_joseph
D:9:      nicolae_ru_great_annihilating_truth, cheibriados_altar_1,
          serial_shops, nicolae_shop_behind_doors, uniq_psyche
D:10:     kennysheep_orc_monster_closet_entryway, grunt_pizzeria, uniq_erolcha
D:11:     david_lair_generic, serial_shops, kennysheep_little_box, shop,
          kennysheep_mini, shop_fountains, nicolae_shop_trees, dk_noncrumbling_3
Temple:   zaba_magenta_temple_12
Ossuary:  ossuary_tomb_2

Skill      XL: |  1  2  3  4  5  6  7  8  9 10 11 |
---------------+----------------------------------+-----
Stealth        | 2 4 5 6 9 10 12 14 17 | 17.7
Invocations    | 1 7 8 |  8.4
Polearms       | 4 5 |  5.5
Shields        | 4 5 |  5.5
Fighting       | |  1.0
Short Blades   | |  1.0
Dodging        | |  2.0
Evocations     | |  3.2

Action                   |  1- 3 |  4- 6 |  7- 9 | 10-12 || total
-------------------------+-------+-------+-------+-------++-------
Melee: Unarmed           |    28 |     6 |       |       ||    34
       Short sword       |       |    42 |   357 |       ||   399
       Dagger            |       |       |   143 |   151 ||   294
       Trident           |       |       |       |    78 ||    78
 Fire: Hunting sling     |       |       |       |    39 ||    39
Invok: Evolution         |       |       |     7 |     7 ||    14
       Sunlight          |       |       |       |     1 ||     1
Evoke: Wand              |     6 |     6 |    19 |    13 ||    44
  Use: Potion            |       |     3 |    17 |     6 ||    26
       Scroll            |       |       |    11 |     1 ||    12
 Stab: Sleeping          |     1 |     3 |    52 |    16 ||    72
       Distracted        |       |       |     2 |     3 ||     5
       Invisible         |       |       |     4 |       ||     4
       Confused          |       |       |       |     1 ||     1
       Petrifying        |       |       |       |     1 ||     1
  Eat: Chunk             |       |     1 |    10 |       ||    11
       Pizza             |       |       |     2 |       ||     2
       Meat ration       |       |       |     1 |     2 ||     3
       Beef jerky        |       |       |     1 |     2 ||     3
       Royal jelly       |       |       |     1 |       ||     1
